 Seeded DCSS version 0.30-a0-121-gb27577e5d9 (webtiles) character file.

Game seed: 12025096083975197726 (custom seed)

1157 purpskrrrp the Chopper (level 8, 0/61 HPs)
             Began as a Demonspawn Fighter on Sept 14, 2022.
             Was a Believer of Ru.
             Slain by Duvessa
             ... wielding a +0 short sword
              (10 damage)
             ... on level 5 of the Dungeon.
             The game lasted 00:13:44 (6111 turns).

purpskrrrp the Chopper (Demonspawn Fighter)         Turns: 6111, Time: 00:13:45

Health: 0/61       AC:  8    Str: 31    XL:     8   Next: 16%
Magic:  8/8        EV: 11    Int:  9    God:    Ru [**....]
Gold:   243        SH:  0    Dex: 13    Spells: 7/7 levels left

rFire   . . .      SeeInvis .    y - +5 whip
rCold   . . .      Faith    .    c - +0 buckler
rNeg    . . .      Spirit   .    b - +0 scale mail
rPois   .          Reflect  .    (no helmet)
rElec   .          Harm     .    q - +0 cloak
rCorr   .          Rampage  .    (no gloves)
Will    .....                    h - +0 pair of boots
Stlth   ..........               (no amulet)
HPRegen 0.20/turn                r - +6 ring of strength
MPRegen 0.22/turn                w - +6 ring of strength

@: confused, ambrosia-drunk, horrified, studying Evocations
A: claws 1, powered by death 1, magic regeneration, cowardly, inability to train
armour
a: Renounce Religion


You were on level 5 of the Dungeon.
You worshipped Ru.
Ru was pleased with you.
You visited 1 branch of the dungeon, and saw 5 of its levels.

You collected 243 gold pieces.

Inventory:

Hand Weapons
 a - a +0 war axe
 y - a +5 whip (weapon)
Missiles
 l - 5 boomerangs of dispersal (quivered)
 o - 3 silver boomerangs
 t - 14 javelins
Armour
 b - a +0 scale mail (worn)
 c - a +0 buckler (worn)
 h - a +0 pair of boots (worn)
 q - a +0 cloak (worn)
Jewellery
 m - a ring of poison resistance
 r - a +6 ring of strength (left claw)
 w - a +6 ring of strength (right claw)
Wands
 j - a wand of mindburst (17)
 v - a wand of flame (29)
Scrolls
 g - a scroll of immolation
 p - 3 scrolls of enchant armour {unknown}
Potions
 e - 2 potions of lignification
 n - a potion of flight {unknown}
 u - 3 potions of invisibility
 x - a potion of degeneration {unknown}
 z - a potion of haste {unknown}


   Skills:
 + Level 4.7 Fighting
 * Level 5.0(5.4) Axes
 + Level 2.7(4.2) Maces & Flails
 + Level 2.1 Throwing
 + Level 2.9 Dodging
 + Level 4.3 Shields
 + Level 2.5 Evocations


You had 7 spell levels left.
You didn't know any spells.
Your spell library contained the following spells:

 Spells                   Type           Power      Damage    Failure   Level
 Magic Dart               Conj           0%         1d3       75%         1
 Cigotuvi's Dreadful Rot  Necr/Pois/Air  0%         N/A       86%         2
 Poisonous Vapours        Pois/Air       0%         N/A       86%         2
 Searing Ray              Conj           0%         2d4       86%         2
 Portal Projectile        Hex/Tloc       0%         N/A       98%         3
 Stone Arrow              Conj/Erth      0%         3d7       98%         3
 Teleport Other           Tloc           0%         N/A       98%         3
 Fulminant Prism          Conj/Hex       0%         3d6       100%        4
 Manifold Assault         Tloc           0%         N/A       100%        4


Dungeon Overview and Level Annotations

Branches:
Dungeon (5/15)
 Temple: D:4-7

Altars:
Kikubaaqudgha
Ru
Sif Muna

Shops:
D:3 [

Annotations:
D:5 Duvessa


Innate Abilities, Weirdness & Mutations

You have sharp fingernails.
You regenerate a little health from kills.
You regenerate magic rapidly.
Your cowardice makes you less effective in combat with threatening foes.
You cannot train Armour skill.


Message History

The centaur is stunned by your conviction and fails to attack.
Duvessa hits you but does no damage.
You hit Duvessa but do no damage.
Duvessa is lightly wounded.
The centaur unwields a +0 shortbow.
The centaur hits you but does no damage.
You block the centaur's attack. Duvessa hits you but does no damage.
The centaur unwields a +0 shortbow.
The centaur closely misses you. You block the centaur's attack.
The centaur closely misses you. x2
Duvessa barely misses you.
You hit Duvessa but do no damage.
Duvessa is lightly wounded.
The centaur barely misses you.
The centaur kicks you but does no damage.
The centaur is stunned by your conviction and fails to attack.
Duvessa hits you with a +0 short sword! The centaur hits you.
The centaur misses you.
You closely miss Duvessa.
Duvessa is lightly wounded.
The centaur closely misses you. You block the centaur's attack.
Duvessa hits you with a +0 short sword.
* * * LOW HITPOINT WARNING * * *
The centaur barely misses you. x2; The centaur hits you.
* * * LOW HITPOINT WARNING * * *
You focus your inner power and blind the centaur in retribution!
The centaur barely misses you. Duvessa hits you with a +0 short sword.
* * * LOW HITPOINT WARNING * * *
Okay, then.
Okay, then.
Okay, then.
Okay, then.
Okay, then.
Okay, then.
Okay, then.
You are confused.
You feel invigorated. The centaur misses you.
The centaur kicks you but does no damage.
The centaur completely misses you. The centaur closely misses you.
Duvessa hits you with a +0 short sword!
You die...

##.##.............#
..##...##............#
#..#.##..#............#..
#.....................#..
##.#..##.#............#..
...##...##........... ..
....##.##.........### ..
.........c......?...# ..
........@e..........# ..
.........c.....)....# ..
....................# ..
...................... .#
..........#####.......
..........# .......
########### .......
.......


You could see Duvessa (berserk) and 2 centaurs.

Vanquished Creatures
  Eustachio (D:5)
  A black bear (D:5)
  2 phantoms
  2 kobold brigands (D:5)
  3 scorpions
  Dowan (D:5)
  2 hounds
  A jelly (D:5)
  2 orc priests (D:3)
  3 iguanas
  4 gnolls
  4 adders
  An ufetubus (D:4)
  2 worms
  2 dart slugs
  11 orcs
  11 ball pythons
  4 bats (D:1)
  9 endoplasms
  7 giant cockroaches
  11 goblins
  10 hobgoblins
  15 kobolds
  4 quokkas
  5 frilled lizards
  8 rats
126 creatures vanquished.

Notes
Turn   | Place    | Note
-------+----------+-------------------------------------------
     0 | D:1      | purpskrrrp the Demonspawn Fighter began the quest for the
                  | Orb.
     0 | D:1      | Reached XP level 1. HP: 18/18 MP: 1/1
    37 | D:1      | Reached skill level 2 in Axes
    37 | D:1      | Gained mutation: You regenerate magic rapidly. [demonic
                  | ancestry]
    37 | D:1      | Reached XP level 2. HP: 18/24 MP: 2/2
   376 | D:1      | Gained mutation: You have sharp fingernails. [demonic
                  | ancestry]
   376 | D:1      | Reached XP level 3. HP: 29/29 MP: 3/3
   876 | D:1      | Found a faded altar of an unknown god.
  1034 | D:1      | Prayed at the altar of an unknown god.
  1034 | D:1      | Became a worshipper of Ru the Awakened
  1039 | D:1      | Gained mutation: You cannot train Armour skill. [Ru
                  | sacrifice]
  1039 | D:1      | Reached * piety under Ru
  1172 | D:2      | Reached skill level 1 in Dodging
  1505 | D:2      | You fall into a shaft and drop 2 floors!
  1519 | D:4      | Reached XP level 4. HP: 27/35 MP: 4/4
  1737 | D:4      | Noticed a scorpion
  1749 | D:4      | Killed a scorpion
  1750 | D:4      | Reached skill level 3 in Axes
  1750 | D:4      | Reached skill level 1 in Maces & Flails
  1750 | D:4      | Reached XP level 5. HP: 40/41 MP: 5/5
  2172 | D:3      | Found Neikhase's Armour Shoppe.
  2773 | D:2      | Got Gattus's Opusculum on the Tesseract and the Geologist
  3462 | D:3      | Reached XP level 6. HP: 19/48 MP: 6/6
  4264 | D:4      | Gained mutation: Your cowardice makes you less effective in
                  | combat with threatening foes. [Ru sacrifice]
  4264 | D:4      | Reached ** piety under Ru
  4447 | D:4      | Reached skill level 1 in Throwing
  4447 | D:4      | Reached skill level 1 in Evocations
  5115 | D:5      | Entered Level 5 of the Dungeon
  5142 | D:5      | Reached skill level 4 in Axes
  5150 | D:5      | Gained mutation: You regenerate a little health from kills.
                  | [demonic ancestry]
  5150 | D:5      | Reached XP level 7. HP: 51/54 MP: 7/7
  5297 | D:5      | Noticed Dowan
  5306 | D:5      | Noticed Duvessa
  5311 | D:5      | Killed Dowan
  5962 | D:5      | Found an ancient bone altar of Kikubaaqudgha.
  6005 | D:5      | Reached XP level 8. HP: 59/61 MP: 8/8
  6023 | D:5      | Found a shimmering blue altar of Sif Muna.
  6074 | D:5      | Noticed Eustachio
  6084 | D:5      | Killed Eustachio
  6085 | D:5      | Reached skill level 5 in Axes
  6111 | D:5      | Slain by Duvessa

Illustrated notes

Levels and vault maps discovered:
D:1:      lemuel_arrival_cross, layout_loops_ring,
          shapermc_ecumenical_altar_venn, st_stairs_9, minmay_unequal
D:2:      kennysheep_big_flooded_room, layout_loops_corners,
          minmay_misc_feat_doors
D:3:      cheibrodos_pilgrimage, layout_rooms, serial_shops, shop,
          corexii_corridor_pit, grunt_ministairs_9
D:4:      layout_gridville, chequers_big_river
D:5:      layout_basic, mainiacjoe_overflow_brackets, kennysheep_mini_moat,
          minmay_manual_mares, uniq_duvessa, uniq_eustachio

Skill      XL: |  1  2  3  4  5  6  7  8 |
---------------+-------------------------+-----
Axes           | 2 3 4 5 |  5.0
Shields        | 3 4 |  4.3
Armour         | 0 |  0.0
Dodging        | 1 2 |  2.9
Maces & Flails | 1 2 |  2.7
Fighting       | 4 |  4.7
Throwing       | 1 2 |  2.1
Evocations     | 1 2 |  2.5

Action                   |  1- 3 |  4- 6 |  7- 9 || total
-------------------------+-------+-------+-------++-------
Melee: War axe           |    69 |   210 |     8 ||   287
       Whip              |       |       |    94 ||    94
Invok: Sacrifice Durabil |     1 |       |       ||     1
       Sacrifice Courage |       |     1 |       ||     1
  Use: Scroll            |     2 |     4 |     3 ||     9
       Potion            |       |     2 |     2 ||     4
Armor: Scale mail        |    32 |    90 |    53 ||   175
Dodge: Dodged            |    45 |    98 |    52 ||   195
Block: Buckler           |    21 |    56 |    36 ||   113

Table legend: (Time is in decaauts)
 A = Elapsed time spent in this place.
 B = Non-inter-level travel time spent in this place.
 C = Inter-level travel time spent in this place.
 D = Time resting spent in this place.
 E = Time spent auto-exploring this place.
 F = Levels seen in this place.
 G = Mean time per level.
                   A        B        C        D        E       F      G
               +--------+--------+--------+--------+--------+-----+--------+
         Total |   6224 |   5967 |    257 |   1047 |   3909 |   5 | 1244.8 |
       Dungeon |   6224 |   5967 |    257 |   1047 |   3909 |   5 | 1244.8 |
               +--------+--------+--------+--------+--------+-----+--------+

Top non-repeatable levels by time:
     D:4: 1610 daAuts
     D:3: 1413 daAuts
     D:2: 1313 daAuts
     D:1: 1187 daAuts
     D:5: 699 daAuts
